 Dungeon Sprint DCSS version 0.16-a0-4004-g8d6611c (webtiles) character file.

5200000 PolkaDot the Axe Maniac (level 24, -13/227 HPs)
             Began as a Formicid Necromancer on Feb 15, 2015.
             Was the Champion of Makhleb.
             Mangled by The Servant
             ... wielding a +9 glaive of flaming
              (63 damage)
             ... in the Dungeon (Sprint VIII: "Arena of Blood").
             The game lasted 00:03:15 (52 turns).

PolkaDot the Axe Maniac (Formicid Necromancer)        Turns: 52, Time: 00:03:16

Health: -13/227    AC:  4    Str: 14    XL:     24   Next: 99%
Magic:  30/49      EV: 27    Int: 25    God:    Makhleb [******]
Gold:   0          SH:  0    Dex: 12    Spells: 1 memorised, 76 levels left

rFire  . . .     SeeInvis +     f - +∞ Axe of Woe
rCold  . . .     Clarity  .     a - +0 robe
rNeg   . . .     SustAb   .     (no shield)
rPois  .         Gourm    .     (helmet unavailable)
rElec  .         Spirit   .     (no cloak)
rCorr  .         Warding  .     (no gloves)
rMut   .         Stasis   +     (no boots)
MR     ++...                    (no amulet)
Stlth  +++++++++.               (no ring)
                                (no ring)

@: very resistant to hostile enchantments, incredibly stealthy
A: permanent stasis, dig shafts and tunnels, four strong arms, antennae 3
a: Dig, Minor Destruction, Lesser Servant of Makhleb, Major Destruction, Greater
Servant of Makhleb, Renounce Religion


You were in the Dungeon.
You worshipped Makhleb.
Makhleb was exalted by your worship.
You were not hungry.

You visited 1 branch

Inventory:

Hand weapons
 f - the +∞ Axe of Woe (weapon)
   (You found it in the Dungeon)
Armour
 a - a +0 robe (worn)
Potions
 d - a potion of curing
 e - a potion of heal wounds
 g - 2 potions of magic
Books
 b - a book of Necromancy

   Spells                             Type                      Level
   a - Pain                           Necromancy                   1
   b - Animate Skeleton               Necromancy                   1
   c - Vampiric Draining              Necromancy                   3
   d - Regeneration                   Charms/Necromancy            3
   e - Animate Dead                   Necromancy                   4
   f - Control Undead                 Necromancy                   4
Comestibles
 c - a bread ration


   Skills:
 O Level 27 Fighting
 O Level 27 Axes
 O Level 27 Throwing
 O Level 27 Armour
 O Level 27 Dodging
 O Level 27 Stealth
 O Level 27 Unarmed Combat
 O Level 27 Spellcasting
 O Level 27 Necromancy
 O Level 27 Invocations


You had 76 spell levels left.
You knew the following spells:

 Your Spells              Type           Power        Failure   Level  Hunger
a - Pain                  Necr           ####         0%          1    None


Dungeon Overview and Level Annotations

Branches:
Dungeon (1/1)

Altars:
Makhleb

Annotations:
D The Servant


Innate Abilities, Weirdness & Mutations

You are under a permanent stasis effect.
You can dig through walls and to a lower floor.
Your four strong arms can wield two-handed weapons with a shield.
You have a pair of large antennae on your head (SInv).


Message History

You hear a shout! x3
The bag of meat is engulfed in roaring flames.
The bag of meat moves out of view.
The meat berserker rages.
You hear a shout!
The bag of meat moves out of view. x2
You hear a shout! x3
A bag of meat comes into view. It is wielding a +9 war axe.
The bag of meat shouts! x2
You hit the large abomination but do no damage.
You chop the large abomination into pieces.
You destroy the large abomination!
Makhleb accepts your kill.
You feel a little better.
You hear a shout! x4
The Servant hits you from afar with a +9 glaive of flaming!!!!
Ouch! That really hurt!
* * * LOW HITPOINT WARNING * * *
The Servant burns you!!!
You die...

..o......o###.......#
.o.....V.)...#§)§....#
...{...{§§§§§.#.).....#
......#{{.o.§..))).%....
.....#{#{#OX§§.....§.C..
......#.#†{.............
#...#.#@#x............%
#...#.#)xx..#........
{#..M.@O.............
.ooo.##.......##.#....
O.{ ##.............
...####.... .... ..
####.. ##


You could see an accursed, The Servant, 3 meat berserkers, 2 small abominations
and 4 bags of meat.

Vanquished Creatures
  5 hill giants (D)
  A hydra (D)
  12 ogres (D)
  32 orcs (D)
  3 skeletal warriors (D)
  6 vampire knights (D)
  3 large abominations (D)
62 creatures vanquished.

Vanquished Creatures (others)
  A hydra (D)
  An orc (D)
  3 crawling corpses (D)
5 creatures vanquished.

Grand Total: 67 creatures vanquished

Notes
Turn   | Place    | Note
--------------------------------------------------------------
     0 | D        | PolkaDot, the Formicid Necromancer, began the quest for the Orb.
     0 | D        | Reached XP level 1. HP: 13/13 MP: 3/3
     3 | D        | Noticed a bag of meat
     4 | D        | Became a worshipper of Makhleb the Destroyer
     5 | D        | Noticed a bag of meat
     5 | D        | Noticed a bag of meat
     6 | D        | Noticed a bag of meat
     7 | D        | Noticed a meat berserker
     7 | D        | Noticed a meat berserker
     7 | D        | Noticed a meat berserker
     8 | D        | Noticed a bag of meat
     8 | D        | Noticed a bag of meat
     8 | D        | Noticed a bag of meat
     9 | D        | Noticed a bag of meat
     9 | D        | Noticed a bag of meat
     9 | D        | Noticed a large bag of meat
     9 | D        | Noticed a bag of meat
     9 | D        | Noticed a bag of meat
    10 | D        | Noticed a bag of meat
    10 | D        | Noticed a bag of meat
    10 | D        | Noticed a bag of meat
    10 | D        | Noticed a bag of meat
    10 | D        | Noticed a bag of meat
    11 | D        | Killed a bag of meat
    11 | D        | Reached skill level 24 in Axes
    11 | D        | Reached XP level 2. HP: 19/19 MP: 5/5
    11 | D        | Reached XP level 3. HP: 24/24 MP: 7/7
    11 | D        | Reached XP level 4. HP: 30/30 MP: 8/8
    11 | D        | Reached XP level 5. HP: 35/35 MP: 11/11
    11 | D        | Reached XP level 6. HP: 41/41 MP: 12/12
    11 | D        | Reached XP level 7. HP: 46/46 MP: 14/14
    11 | D        | Reached XP level 8. HP: 52/52 MP: 16/16
    11 | D        | Reached XP level 9. HP: 57/57 MP: 18/18
    11 | D        | Reached XP level 10. HP: 63/63 MP: 18/18
    11 | D        | Reached XP level 11. HP: 68/68 MP: 20/20
    11 | D        | Killed a bag of meat
    11 | D        | Acquired Makhleb's first power
    11 | D        | Reached skill level 27 in Axes
    11 | D        | Reached XP level 12. HP: 73/75 MP: 20/23
    11 | D        | Reached XP level 13. HP: 77/80 MP: 20/24
    11 | D        | Killed a meat berserker
    11 | D        | Reached skill level 1 in Fighting
    11 | D        | Reached skill level 5 in Dodging
    11 | D        | Reached skill level 5 in Spellcasting
    11 | D        | Reached skill level 15 in Necromancy
    12 | D        | Noticed a bag of meat
    12 | D        | Noticed a large bag of meat
    12 | D        | Noticed a bag of meat
    12 | D        | Killed a bag of meat
    12 | D        | Acquired Makhleb's second power
    12 | D        | Reached XP level 14. HP: 39/91 MP: 20/30
    12 | D        | Killed a bag of meat
    12 | D        | Reached XP level 15. HP: 41/98 MP: 20/32
    12 | D        | Killed a bag of meat
    12 | D        | Acquired Makhleb's third power
    12 | D        | Reached skill level 10 in Stealth
    13 | D        | Noticed a meat berserker
    13 | D        | Killed a meat berserker
    13 | D        | Killed a bag of meat
    13 | D        | Reached skill level 5 in Fighting
    13 | D        | Reached skill level 10 in Dodging
    13 | D        | Reached skill level 10 in Spellcasting
    13 | D        | Reached XP level 16. HP: 106/109 MP: 20/35
    13 | D        | Killed a bag of meat
    13 | D        | Acquired Makhleb's fourth power
    13 | D        | Reached skill level 27 in Necromancy
    14 | D        | Noticed a bag of meat
    14 | D        | Killed a bag of meat
    14 | D        | Reached skill level 15 in Stealth
    14 | D        | Killed a large bag of meat
    14 | D        | Acquired Makhleb's fifth power
    14 | D        | Reached skill level 15 in Spellcasting
    14 | D        | Reached XP level 17. HP: 125/131 MP: 20/39
    14 | D        | Killed a bag of meat
    14 | D        | Reached skill level 15 in Dodging
    15 | D        | Noticed a bag of meat
    15 | D        | Noticed a bag of meat
    15 | D        | Killed a bag of meat
    16 | D        | Noticed a meat berserker
    16 | D        | Killed a bag of meat
    16 | D        | Reached skill level 15 in Fighting
    16 | D        | Reached XP level 18. HP: 145/149 MP: 21/41
    16 | D        | Killed a bag of meat
    17 | D        | Killed a meat berserker
    17 | D        | Killed a bag of meat
    17 | D        | Killed a meat berserker
    17 | D        | Reached XP level 19. HP: 166/169 MP: 21/43
    18 | D        | Noticed a bag of meat
    18 | D        | Killed a bag of meat
    18 | D        | Killed a bag of meat
    19 | D        | Killed a bag of meat
    19 | D        | Killed a bag of meat
    20 | D        | Killed a bag of meat
    20 | D        | Reached XP level 20. HP: 185/190 MP: 21/45
    20 | D        | Killed a large bag of meat
    20 | D        | Killed a meat berserker
    21 | D        | Noticed a meat berserker
    21 | D        | Noticed a meat berserker
    22 | D        | Noticed a destroyer
    22 | D        | Noticed a bag of meat
    22 | D        | Killed a bag of meat
    22 | D        | Reached skill level 27 in Fighting
    22 | D        | Reached skill level 27 in Stealth
    22 | D        | Killed a bag of meat
    23 | D        | Noticed a bag of meat
    24 | D        | Noticed a large bag of meat
    24 | D        | Noticed a large bag of meat
    25 | D        | Noticed a meat berserker
    25 | D        | Noticed a bag of meat
    25 | D        | Noticed a bag of meat
    26 | D        | Noticed a bag of meat
    26 | D        | Noticed a bag of meat
    26 | D        | Noticed a meat berserker
    26 | D        | Killed a meat berserker
    26 | D        | Reached skill level 27 in Dodging
    26 | D        | Reached XP level 21. HP: 189/204 MP: 23/47
    27 | D        | Noticed a bag of meat
    27 | D        | Noticed a meat berserker
    27 | D        | Noticed a large bag of meat
    27 | D        | Noticed a bag of meat
    27 | D        | Noticed a destroyer
    27 | D        | Noticed a destroyer
    28 | D        | Noticed a meat berserker
    28 | D        | Noticed a destroyer
    29 | D        | Noticed a bag of meat
    29 | D        | Killed a meat berserker
    29 | D        | Reached skill level 27 in Spellcasting
    29 | D        | Killed a meat berserker
    29 | D        | Reached skill level 5 in Throwing
    29 | D        | Killed a destroyer
    29 | D        | Reached skill level 10 in Armour
    29 | D        | Killed a destroyer
    30 | D        | Noticed a bag of meat
    30 | D        | Noticed a destroyer
    30 | D        | Killed a meat berserker
    30 | D        | Reached skill level 15 in Invocations
    30 | D        | Killed a bag of meat
    30 | D        | Reached skill level 15 in Armour
    30 | D        | Reached XP level 22. HP: 212/212 MP: 24/48
    30 | D        | Killed a bag of meat
    30 | D        | Reached skill level 15 in Unarmed Combat
    30 | D        | Killed a bag of meat
    31 | D        | Killed a bag of meat
    31 | D        | Reached skill level 15 in Throwing
    31 | D        | Killed a meat berserker
    32 | D        | Noticed a meat berserker
    32 | D        | Noticed an eight-headed meat hydra
    32 | D        | Noticed an eight-headed meat hydra
    32 | D        | Killed a destroyer
    32 | D        | Killed a bag of meat
    32 | D        | Killed a meat berserker
    32 | D        | Reached XP level 23. HP: 219/219 MP: 24/48
    33 | D        | Killed a bag of meat
    33 | D        | Killed a bag of meat
    33 | D        | Killed a bag of meat
    33 | D        | Killed a destroyer
    33 | D        | Noticed The Servant
    34 | D        | Killed a large bag of meat
    34 | D        | Reached skill level 27 in Invocations
    34 | D        | Killed a bag of meat
    35 | D        | Killed a bag of meat
    35 | D        | Killed a large bag of meat
    36 | D        | Killed a destroyer
    36 | D        | Reached XP level 24. HP: 107/227 MP: 25/49
    37 | D        | Noticed a sculptor of flesh
    37 | D        | Killed a meat berserker
    37 | D        | Reached skill level 27 in Armour
    37 | D        | Killed a large bag of meat
    37 | D        | Killed a bag of meat
    38 | D        | Noticed a bag of meat
    39 | D        | Noticed a destroyer
    39 | D        | Noticed a sculptor of flesh
    39 | D        | Killed a bag of meat
    41 | D        | Noticed a sculptor of flesh
    42 | D        | Noticed a bag of meat
    43 | D        | Killed a sculptor of flesh
    43 | D        | Reached skill level 27 in Unarmed Combat
    43 | D        | Killed a bag of meat
    44 | D        | Noticed a sculptor of flesh
    44 | D        | Noticed a bag of meat
    45 | D        | Noticed a bag of meat
    45 | D        | Noticed a meat berserker
    45 | D        | Noticed a bag of meat
    46 | D        | Killed a sculptor of flesh
    46 | D        | Reached skill level 27 in Throwing
    46 | D        | Killed an eight-headed meat hydra
    47 | D        | Noticed a meat berserker
    47 | D        | Killed a nine-headed meat hydra
    48 | D        | Noticed a bag of meat
    48 | D        | Noticed a meat berserker
    48 | D        | Noticed a bag of meat
    48 | D        | Noticed a bag of meat
    48 | D        | Noticed a bag of meat
    48 | D        | Noticed a bag of meat
    49 | D        | Noticed an accursed
    50 | D        | Noticed a bag of meat
    50 | D        | Killed a destroyer
    51 | D        | Noticed a bag of meat
    51 | D        | Killed a sculptor of flesh
    52 | D        | Noticed a bag of meat
    52 | D        | Mangled by The Servant

Action                   |  1- 3 |  4- 6 |  7- 9 | 10-12 | 13-15 | 16-18 | 19-21 | 22-24 || total
-------------------------+-------+-------+-------+-------+-------+-------+-------+-------++-------
Melee: Executioner's axe |     1 |       |       |       |     2 |     4 |     7 |    16 ||    30
